 Dungeon Crawl Stone Soup version 0.31-a0-233-g139696dc86 (webtiles) character file.

Game seed: 5102765257334216263

1971 sakkuzi the Trooper (level 9, -2/63 HPs)
             Began as a Gargoyle Fighter on July 9, 2023.
             Was a Follower of Trog.
             Slain by an orc warrior
             ... wielding a +0 halberd
              (9 damage)
             ... on level 7 of the Dungeon.
             The game lasted 00:29:18 (7031 turns).

sakkuzi the Trooper (Gargoyle Fighter)              Turns: 7031, Time: 00:29:19

Health: -2/63      AC: 21    Str: 21    XL:     9   Next: 20%
Magic:  18/18      EV:  8    Int:  6    God:    Trog [*.....]
Gold:   300        SH:  7    Dex: 24    Spells: 8/8 levels left

rFire   . . .        z - +5 mace
rCold   + . .        c - +0 buckler
rNeg    + . .        o - +3 chain mail
rPois   ∞            (no helmet)
rElec   +            (no cloak)
rCorr   .            j - +0 pair of gloves
SInv    .            (no boots)
Will    .....        (no amulet) Stlth
                     k - ring of flight
HPRegen 0.30/turn    u - ring "Ereajani" {Ice rPois MP+9 Int-2 Dex+9}
MPRegen 0.16/turn

%: no passive effects
@: flying
A: sickness immunity, AC +6, negative energy resistance 1, electricity
resistance, torment resistance 1, petrification resistance, agile 1, fire
resistance 1, robust 1
a: Renounce Religion, Berserk


You were on level 7 of the Dungeon.
You worshipped Trog.
Trog was aware of your devotion.
You visited 2 branches of the dungeon, and saw 8 of its levels.

You collected 372 gold pieces.
You spent 72 gold pieces at shops.

Inventory:

Hand Weapons
 a - a +1 flail of freezing
 z - a +5 mace (weapon)
Armour
 c - a +0 buckler (worn)
 j - a +0 pair of gloves (worn)
 o - a +3 chain mail (worn)
Jewellery
 k - a ring of flight (left hand)
 t - a ring of ice
 u - the ring "Ereajani" (right hand) {Ice rPois MP+9 Int-2 Dex+9}
   (You found it on level 5 of the Dungeon)

   [ring of ice]

   It enhances your ice magic.
   Int:       It affects your intelligence (-2).
   Dex:       It affects your dexterity (+9).
   rF:        It makes you vulnerable to fire.
   rC:        It protects you from cold.
   rPois:     It protects you from poison.
   MP:        It affects your magic capacity (+9).
 y - a ring of resist corrosion
 B - a ring of see invisible
Wands
 i - a wand of roots (10)
Scrolls
 b - a scroll of revelation {unknown}
 m - 2 scrolls of blinking
 q - a scroll of poison {unknown}
 s - 2 scrolls of teleportation
 v - 2 scrolls of fog {unknown}
 w - a scroll of amnesia {unknown}
 x - a scroll of enchant armour
Potions
 d - a potion of might
 e - a potion of degeneration
 f - a potion of ambrosia
 g - 2 potions of curing
 h - a potion of berserk rage
 l - a potion of magic {unknown}
 n - a potion of resistance {unknown}
 p - 2 potions of invisibility
 r - 2 potions of brilliance {unknown}
 A - 3 potions of lignification


   Skills:
 * Level 7.7 Fighting
 + Level 4.8 Maces & Flails
 * Level 7.5 Armour
 * Level 7.6 Shields


You had 8 spell levels left.
You didn't know any spells.
Your spell library contained the following spells:

 Spells                   Type           Power      Damage    Failure   Level
 Vhi's Electric Charge    Tloc/Air       0%         N/A       100%        3
 Arcjolt                  Conj/Air       0%         1d10      100%        5
 Plasma Beam              Fire/Air       0%         2x1d10    100%        6


Dungeon Overview and Level Annotations

Branches:
Dungeon (7/15)             Temple (1/1) D:4

Altars:
Ashenzari
Cheibriados
Dithmenos
Elyvilon
Fedhas
Gozag
Hepliaklqana
Kikubaaqudgha
Makhleb
Nemelex Xobeh
Okawaru
Qazlal
Sif Muna
Trog
Uskayaw
Vehumet
Wu Jian
Xom
Yredelemnul
Zin
The Shining One

Shops:
D:5 ?

Annotations:
D:3 1 runed translucent door, Crazy Yiuf
D:5 3 runed translucent doors, osoart's ghost, novice DrGl


Innate Abilities, Weirdness & Mutations

You are immune to sickness and miasma.
Your stone body is resilient. (AC +6)
You are immune to poison.
You resist negative energy. (rN+)
You are resistant to electric shocks. (rElec)
You are resistant to unholy torment.
You are immune to petrification.
You are agile. (Dex +4, Str/Int -1)
Your flesh is heat resistant. (rF+)
You are robust. (+10% HP)


Message History

The magic dart hits you but does no damage.
The orc warrior hits you but does no damage.
You hit the orc warrior but do no damage.
The orc warrior is heavily wounded.
Something hits you but does no damage. The orc warrior completely misses you.
Something hits you. You block the orc warrior's attack.
You hit the orc warrior but do no damage.
The orc warrior is heavily wounded.
Something hits you but does no damage.
The orc warrior hits you with a +0 halberd.
You barely miss the orc warrior.
The orc warrior is heavily wounded.
Something hits you but does no damage. The orc warrior barely misses you.
The orc warrior hits you with a +0 halberd.
You sock the orc warrior!
The orc warrior is severely wounded.
You hear some strange, mumbled words.
You are confused.
The orc warrior hits you with a +0 halberd!
You closely miss something. Something hits you but does no damage.
The orc warrior hits you with a +0 halberd.
You hit the orc warrior but do no damage.
The orc warrior is severely wounded.
Something hits you but does no damage. The orc warrior closely misses you.
Something hits you but does no damage.
The orc warrior hits you but does no damage.
You thump something! Trog accepts your kill.
Trog appreciates your killing of a magic user.
Reactivating autopickup.
You feel a bit more experienced.
The orc warrior hits you with a +0 halberd!
* * * LOW HITPOINT WARNING * * *
Okay, then.
The orc warrior hits you but does no damage.
You feel less confused.
The orc warrior hits you from afar with a +0 halberd!
* * * LOW HITPOINT WARNING * * *
The orc warrior hits you from afar with a +0 halberd!
You die...

...#.###.#......#....#8###
. ##.....#.....#....###
#...(..#......#...#
....#..>..#.....###### ...
#......#.###.## .
#.....###†....#
...#.###.#......#
...###.....#.....## ###
#...@..#......#
....#.....#.....## ...
#....o)#.###.# .
#.....###.. ...
...#.###(.....##.. ...###
....### ## ### ....8#
....## ....#


You could see an orc warrior.

Vanquished Creatures
  A steam dragon (D:7)
  A water moccasin (D:5)
  An ogre (D:6)
  2 phantoms
  2 bullfrogs
  A gnoll sergeant (D:5)
  2 scorpions
  9 wights (D:6)
  A hound (D:6)
  2 jellies
  2 orc priests
  A sleepcap (D:6)
  3 iguanas
  4 orc wizards
  16 gnolls
  10 adders
  A white imp (D:5)
  3 ufetubi
  2 worms
  2 dart slugs
  14 orcs
  4 ball pythons
  7 bats
  8 endoplasms
  7 giant cockroaches
  10 goblins
  6 hobgoblins
  3 jackals (D:3)
  3 kobolds
  5 quokkas
  5 frilled lizards
  8 rats
146 creatures vanquished.

Notes
Turn   | Place    | Note
-------+----------+-------------------------------------------
     0 | D:1      | sakkuzi the Gargoyle Fighter began the quest for the Orb.
     0 | D:1      | Reached XP level 1. HP: 14/14 MP: 1/1
     1 | D:1      | Noticed an electric eel
   293 | D:1      | Reached XP level 2. HP: 19/19 MP: 2/2
  1050 | D:2      | Reached XP level 3. HP: 19/24 MP: 3/3
  1243 | D:2      | Gained mutation: You are agile. (Dex +4, Str/Int -1)
                  | [potion of mutation]
  1243 | D:2      | Gained mutation: You are robust. (+10% HP) [potion of
                  | mutation]
  1243 | D:2      | Gained mutation: Your flesh is heat resistant. (rF+)
                  | [potion of mutation]
  1440 | D:2      | Reached XP level 4. HP: 30/31 MP: 4/4
  1718 | D:3      | Found a runed translucent door.
  1719 | D:3      | Noticed Crazy Yiuf
  1937 | D:3      | Reached XP level 5. HP: 37/37 MP: 5/5
  2076 | D:3      | Found a blossoming altar of Fedhas.
  2121 | D:3      | Found a faded altar of an unknown god.
  3251 | D:4      | Found a broken altar of Ashenzari.
  3349 | D:4      | Reached XP level 6. HP: 41/44 MP: 6/6
  3364 | D:4      | Noticed a two-headed ogre
  3384 | D:5      | Entered Level 5 of the Dungeon
  3417 | D:5      | Reached skill level 5 in Shields
  3443 | D:5      | Found a runed translucent gate.
  3444 | D:5      | Found a runed translucent gate.
  3445 | D:5      | Found a runed translucent gate.
  3464 | D:4      | Reached skill level 5 in Fighting
  3464 | D:4      | Reached skill level 5 in Armour
  3627 | D:4      | Found a staircase to the Ecumenical Temple.
  3891 | Temple   | Entered the Ecumenical Temple
  4028 | Temple   | Became a worshipper of Trog the Wrathful
  4081 | D:5      | Found Wiorunom's Magic Scroll Emporium.
  4091 | D:5      | Bought a scroll of identify for 24 gold pieces
  4091 | D:5      | Bought a scroll of identify for 24 gold pieces
  4091 | D:5      | Bought a scroll of identify for 24 gold pieces
  4183 | D:4      | Reached XP level 7. HP: 17/48 MP: 7/7
  4699 | D:5      | Identified the ring "Ereajani" {Ice rPois MP+9 Int-2 Dex+9}
  5089 | D:5      | Noticed osoart's ghost (novice DrGl)
  5108 | D:5      | Reached XP level 8. HP: 42/56 MP: 8/8
  6042 | D:6      | Reached * piety under Trog
  6155 | D:6      | Found a white marble altar of Elyvilon.
  6162 | D:6      | Found a glowing golden altar of the Shining One.
  6169 | D:6      | Found an iron altar of Okawaru.
  6448 | D:6      | Found a shimmering blue altar of Sif Muna.
  6448 | D:6      | Found a hide-covered altar of Uskayaw.
  6458 | D:6      | Reached XP level 9. HP: 48/62 MP: 9/9
  7031 | D:7      | Slain by an orc warrior

Illustrated notes

Levels and vault maps discovered:
D:1:      arrival_aquarium_a, layout_basic, minmay_tetromino_l2
D:2:      layout_basic
D:3:      wad_river_or_something, layout_basic, fedhas_altar_1,
          shapermc_ecumenical_altar_acropolis, minmay_close_crescents,
          uniq_crazy_yiuf_cottage
D:4:      layout_rooms, nicolae_ashenzari_panopticon,
          minmay_temple_entry_stoned_glass, grunt_ministairs_14
D:5:      minmay_recursive_quarters, layout_basic, serial_shops, shop,
          gammafunk_ghost_split
D:6:      layout_loops_cross, gammafunk_temple_overflow_pools,
          grunt_temple_overflow_diamond
D:7:      nicolae_BIG_FREAKIN_CUBE, layout_rooms, serial_corexii_hall,
          chequers_hall_statues_corner_a, corexii_hall_statues_s
Temple:   nicolae_temple_great_sept

Skill      XL: |  1  2  3  4  5  6  7  8 |
---------------+-------------------------+-----
Fighting       | 4 5 6 7 |  7.7
Armour         | 4 5 7 |  7.5
Shields        | 4 5 6 7 |  7.6
Maces & Flails | 3 4 |  4.8

Action                     |  1- 3 |  4- 6 |  7- 9 || total
---------------------------+-------+-------+-------++-------
  Melee: Flail             |    90 |   178 |    94 ||   362
         Mace              |       |       |   140 ||   140
    Use: Scroll            |     6 |    11 |     1 ||    18
         Potion            |     1 |       |     1 ||     2
 Armour: Scale mail        |    27 |       |       ||    27
         Chain mail        |    25 |   143 |   161 ||   329
  Dodge: Dodged            |    45 |    79 |    93 ||   217
  Block: Buckler           |    19 |    58 |    86 ||   163

Table legend: (Time is in decaauts)
 A = Elapsed time spent in this place.
 B = Non-inter-level travel time spent in this place.
 C = Inter-level travel time spent in this place.
 D = Time resting spent in this place.
 E = Time spent auto-exploring this place.
 F = Levels seen in this place.
 G = Mean time per level.
                   A        B        C        D        E       F      G
               +--------+--------+--------+--------+--------+-----+--------+
         Total |   7169 |   7169 |      0 |    904 |   3076 |   8 |  896.1 |
       Dungeon |   7022 |   7022 |      0 |    904 |   3076 |   7 | 1003.1 |
        Temple |    147 |    147 |      0 |      0 |      0 |   1 |  147.0 |
               +--------+--------+--------+--------+--------+-----+--------+

Top non-repeatable levels by time:
     D:3: 1464 daAuts
     D:6: 1180 daAuts
     D:5: 1166 daAuts
     D:1: 1067 daAuts
     D:4: 1036 daAuts
     D:2: 672 daAuts
     D:7: 435 daAuts
  Temple: 147 daAuts
